 Dungeon Crawl Stone Soup version 0.26.0-15-gc6cd9f7 (webtiles) character file.

Game seed: 13356235578391693550

86 bonscott the Grasshopper (level 4, -1/33 HPs)
             Began as a Vampire Warper on Jan 24, 2021.
             Slain by a worker ant (5 damage)
             ... on level 2 of the Dungeon.
             The game lasted 00:05:03 (1663 turns).

bonscott the Grasshopper (Vampire Warper)           Turns: 1663, Time: 00:05:03

Health: -1/33      AC:  4    Str: 11    XL:     4   Next: 27%
Magic:  7/7        EV: 12    Int: 15    God:
Gold:   75         SH:  0    Dex: 13    Spells: 7/7 levels left

rFire    . . .     SeeInvis +   a - +0 falchion
rCold    . . .     Faith    .   (no shield)
rNeg     . . .     Spirit   .   b - +0 leather armour
rPois    .         Reflect  .   (no helmet)
rElec    .         Harm     .   j - +0 cloak
rCorr    .         Rampage  .   (no gloves)
Will     .....                  (no boots)
Stlth    ++........             (no amulet)
HPRegen  0.31/turn              (no ring)
MPRegen  0.10/turn              (no ring)

@: regenerating quickly
A: fangs 3, see invisible, unbreathing
a: Exsanguinate


You were on level 2 of the Dungeon.
You visited 1 branch of the dungeon, and saw 3 of its levels.

You collected 75 gold pieces.

Inventory:

Hand Weapons
 a - a +0 falchion (weapon)
Missiles
 c - 17 sling bullets
 e - 5 boomerangs of dispersal (quivered)
 o - 3 boomerangs
 F - 83 stones
Armour
 b - a +0 leather armour (worn)
 j - a +0 cloak (worn)
Jewellery
 l - an uncursed ring of protection from fire {unknown}
 t - an uncursed ring of willpower {unknown}
Scrolls
 d - a scroll of blinking
 g - 2 scrolls of identify
 i - a scroll of teleportation {unknown}
 r - a scroll of random uselessness {unknown}
 u - a scroll of amnesia {unknown}
Potions
 f - a potion of brilliance {unknown}
 h - 2 potions of flight
 k - 2 potions of invisibility {unknown}
 m - 2 potions of curing {unknown}
 n - a potion of might {unknown}
 p - a potion of lignification {unknown}
 q - 2 potions of heal wounds {unknown}
 s - a potion of ambrosia {unknown}
 v - a potion of resistance {unknown}
 w - 2 potions of attraction {unknown}


   Skills:
 + Level 2.1 Fighting
 + Level 2.4 Long Blades
 + Level 1.2 Throwing
 + Level 1.2 Armour
 + Level 2.7 Dodging
 + Level 2.1 Stealth
 + Level 2.3 Spellcasting
 + Level 2.7 Translocations


You had 7 spell levels left.
You didn't know any spells.
Your spell library contained the following spells:

 Spells                   Type           Power        Failure   Level
 Blink                    Tloc           N/A          14%         2
 Gell's Gravitas          Tloc           5%           26%         3
 Lesser Beckoning         Tloc           5%           26%         3
 Teleport Other           Tloc           10%          26%         3
 Passage of Golubria      Tloc           N/A          65%         4


Dungeon Overview and Level Annotations

Branches:
Dungeon (3/15)

Altars:
Dithmenos
Zin


Innate Abilities, Weirdness & Mutations

Your natural rate of healing is unusually fast.
You have razor-sharp teeth.
You have supernaturally acute eyesight. (SInv)
You can survive without breathing.


Message History

The worker ant barely misses you.
You riposte.
You hit the worker ant.
The worker ant is heavily wounded.
You feel sick.
The worker ant waves its antennae.
The worker ant barely misses you.
You riposte.
You barely miss the worker ant.
The worker ant is heavily wounded.
There is a stone staircase leading up here.
The worker ant bites you. x2
* * * LOW HITPOINT WARNING * * *
You climb upwards.
You feel sick.
There is a stone staircase leading down here.
You feel sick.
You are no longer poisoned.
The worker ant bites you.
* * * LOW HITPOINT WARNING * * *
You hit the worker ant but do no damage.
Your bite misses the worker ant.
The worker ant is heavily wounded.
The worker ant bites you.
You die...

#.#.##.##.#..# ##.#.#...#.#..#
#......_......# #..#.#...#.#..#
#..#.##.##.#..########
#..#.......#.........# #####
#..####.####.####....# #....
#............####....#######....
#...).>.......B@.....'.....'....
##########....##.....#######....
#....##.....# ####...#
#....##)....# #......#
#........#### #.....##
#....#.#.# #.....# #....#.#.#
#.....# ######.#.# #.....# #.#.#
####.....#


You could see a worker ant.

Vanquished Creatures
  An adder (D:3)
  A white imp (D:2)
  An ooze (D:2)
  A worm (D:2)
  2 dart slugs
  A leopard gecko (D:1)
  2 giant cockroaches (D:1)
  9 goblins
  12 hobgoblins
  A quokka (D:2)
  6 bats
  3 frilled lizards
  7 kobolds
  12 rats
59 creatures vanquished.

Notes
Turn   | Place    | Note
-------+----------+-------------------------------------------
     0 | D:1      | bonscott the Vampire Warper began the quest for the Orb.
     0 | D:1      | Reached XP level 1. HP: 16/16 MP: 3/3
   115 | D:1      | Reached skill level 1 in Throwing
   130 | D:1      | Reached XP level 2. HP: 22/22 MP: 5/5
   188 | D:1      | Reached skill level 1 in Armour
   273 | D:1      | Reached skill level 1 in Stealth
   447 | D:1      | Reached XP level 3. HP: 27/27 MP: 6/6
  1046 | D:2      | Found a glowing silver altar of Zin.
  1323 | D:2      | Found a shadowy altar of Dithmenos.
  1375 | D:2      | Reached XP level 4. HP: 10/33 MP: 7/7
  1663 | D:2      | Slain by a worker ant

Illustrated notes

Levels and vault maps discovered:
D:1:      roderic_dead_forest, layout_basic, minmay_pentomino_o4
D:2:      layout_basic, grunt_dithmenos_smoke, nicolae_overflow_crystal_walls,
          minmay_misc_feat_more_columns
D:3:      layout_basic, general_overflow_altar

Skill      XL: |  1  2  3 |
---------------+----------+-----
Throwing       | 1 |  1.2
Armour         | 1 |  1.2
Stealth        | 1 2 |  2.1
Fighting       | 2 |  2.1
Long Blades    | |  2.4
Dodging        | |  2.7
Spellcasting   | |  2.3
Translocations | |  2.7

Action                   |  1- 3 |  4- 6 || total
-------------------------+-------+-------++-------
Melee: Falchion          |   127 |    22 ||   149
       Bite              |    20 |     4 ||    24
Throw: Stone             |    32 |    18 ||    50
  Use: Scroll            |       |     1 ||     1
 Stab: Sleeping          |     4 |       ||     4
Armor: Leather armour    |    35 |     5 ||    40
Dodge: Dodged            |    94 |    20 ||   114
       Rpst.: Falchion   |    33 |    10 ||    43
